 Dungeon Crawl Stone Soup version 0.29.0-15-g675c0067aa (webtiles) character file.

Game seed: 13374675717926398022

478 qw the Chopper (level 7, -5/44 HPs)
             Began as a Gargoyle Fighter on Sept 12, 2022.
             Was an Initiate of Okawaru.
             Slain by Duvessa
             ... wielding a +0 short sword
              (6 damage)
             ... on level 5 of the Dungeon.
             The game lasted 00:01:47 (5183 turns).

qw the Chopper (Gargoyle Fighter)                   Turns: 5183, Time: 00:01:47

Health: -5/44      AC: 19    Str: 22    XL:     7   Next: 11%
Magic:  7/7        EV:  7    Int:  8    God:    Okawaru [......]
Gold:   242        SH:  4    Dex:  9    Spells: 6/6 levels left

rFire   . . .      SeeInvis .   Y - +0 war axe
rCold   . . .      Faith    .   c - +0 buckler
rNeg    + . .      Spirit   .   k - +0 chain mail
rPois   inf        Reflect  .   g - +0 helmet
rElec   +          Harm     .   a - +0 cloak
rCorr   +          Rampage  .   h - +0 pair of gloves
Will    .....                   m - +1 pair of boots
Stlth   ..........              (no amulet)
HPRegen 0.14/turn               q - ring of resist corrosion
MPRegen 0.10/turn               (no ring)

@: no status effects
A: sickness immunity, AC +4, negative energy resistance 1, electricity
resistance, torment resistance 1, petrification resistance
a: Renounce Religion


You were on level 5 of the Dungeon.
You worshipped Okawaru.
Okawaru was noncommittal.
You visited 2 branches of the dungeon, and saw 6 of its levels.

You collected 242 gold pieces.


Innate Abilities, Weirdness & Mutations

You are immune to sickness and miasma.
Your stone body is resilient. (AC +4)
You are immune to poison.
You resist negative energy. (rN+)
You are resistant to electric shocks. (rElec)
You are resistant to unholy torment.
You are immune to petrification.


   Skills:
 - Level 4.7 Fighting
 - Level 6.1 Axes
 - Level 3.2 Armour
 + Level 0.0 Dodging
 - Level 3.2 Shields


You had 6 spell levels left.
You didn't know any spells.
Your spell library was empty.

Inventory:

Hand Weapons
 b - a +0 flail
 Y - a +0 war axe (weapon)
Armour
 a - a +0 cloak (worn)
 c - a +0 buckler (worn)
 g - a +0 helmet (worn)
 h - a +0 pair of gloves (worn)
 k - a +0 chain mail (worn)
 m - a +1 pair of boots (worn)
Jewellery
 q - a ring of resist corrosion (left hand)
Scrolls
 l - a scroll of identify
Potions
 d - 3 potions of might
 e - a potion of resistance
 f - 4 potions of curing
 i - a potion of lignification
 j - a potion of mutation
 n - a potion of magic
 o - a potion of cancellation

Dungeon Overview and Level Annotations

Branches:
Dungeon (5/15)             Temple (1/1) D:4

Altars:
Ashenzari
Cheibriados
Dithmenos
Elyvilon
Fedhas
Gozag
Hepliaklqana
Kikubaaqudgha
Makhleb
Nemelex Xobeh
Okawaru
Qazlal
Ru
Sif Muna
Uskayaw
Vehumet
Wu Jian
Xom
Yredelemnul
Zin
The Shining One

Shops:
D:2 (

Annotations:
D:5 Duvessa


Message History

You closely miss Duvessa. Duvessa hits you with a +0 short sword.
Dowan hits you but does no damage.
You hit Dowan.
Dowan is severely wounded.
You closely miss Duvessa. Duvessa hits you but does no damage.
Dowan hits you but does no damage. Duvessa hits you but does no damage.
Dowan hits you but does no damage.
You hit Dowan.
You kill Dowan!
Okawaru accepts your kill.
Duvessa screams, "No!
How DARE you!"
Duvessa goes berserk!
You hit Duvessa. Duvessa hits you but does no damage.
Your Axes skill increases to level 6!
You have reached level 7!
You barely miss Duvessa.
Duvessa is heavily wounded.
Duvessa hits you with a +0 short sword. Duvessa hits you with a +0 short sword!
You closely miss Duvessa.
Duvessa is heavily wounded.
You block Duvessa's attack. Duvessa hits you but does no damage.
You hit Duvessa.
Duvessa is heavily wounded.
Duvessa hits you with a +0 short sword. Duvessa hits you but does no damage.
You closely miss Duvessa.
Duvessa is heavily wounded.
Duvessa barely misses you. Duvessa hits you but does no damage.
You hit Duvessa.
Duvessa is heavily wounded.
You are no longer glowing.
Duvessa hits you but does no damage.
You hit Duvessa.
Duvessa is heavily wounded.
You block Duvessa's attack. Duvessa hits you but does no damage.
You barely miss Duvessa.
Duvessa is heavily wounded.
Duvessa hits you with a +0 short sword. Duvessa hits you with a +0 short sword!
You closely miss Duvessa.
Duvessa is heavily wounded.
You block Duvessa's attack. Duvessa hits you with a +0 short sword.
You die...

#..## ..>..
######### ......
........## ......
#######..######
#......
##....%.###.......
######...#.......
###.@)......
#.e#...### #.##
#.... ..# ### ####


You could see Duvessa (berserk).

Vanquished Creatures
  An ogre (D:4)
  A phantom (D:3)
  A scorpion (D:4)
  Dowan (D:5)
  A hound (D:4)
  An iguana (D:5)
  6 adders
  An ufetubus (D:4)
  2 worms
  3 dart slugs
  2 orcs (D:3)
  7 endoplasms
  7 giant cockroaches
  8 goblins
  4 hobgoblins
  2 jackals (D:4)
  4 quokkas
  5 ball pythons
  5 bats
  6 frilled lizards
  8 kobolds
  7 rats
83 creatures vanquished.

Notes
Turn   | Place    | Note
-------+----------+-------------------------------------------
     0 | D:1      | qw the Gargoyle Fighter began the quest for the Orb.
     0 | D:1      | Reached XP level 1. HP: 14/14 MP: 1/1
     0 | D:1      | 0 ||| qw: Version: 0.1-a-119-g272c26d
     0 | D:1      | 0 ||| qw: Game counter: 10952
     0 | D:1      | 0 ||| qw: Always use a shield: true
     0 | D:1      | 0 ||| qw: God list: Okawaru
     0 | D:1      | 0 ||| qw: Allow faded altars: false
     0 | D:1      | 0 ||| qw: Do Orc after D:15 true
     0 | D:1      | 0 ||| qw: Do second Lair branch before Depths: true
     0 | D:1      | 0 ||| qw: Lair rune preference: random
     0 | D:1      | 0 ||| qw: Plans: Normal, Zot, God:TSO, Crypt, Tomb, Pan,
                  | Slime, Hells, Zig, Abyss, Orb
     0 | D:1      | 0 ||| PLANNING D:1-11
    25 | D:1      | Reached skill level 2 in Axes
   241 | D:1      | 241 ||| DROPPING +0 club.
   309 | D:1      | 309 ||| DROPPING +0 club.
   335 | D:1      | Reached XP level 2. HP: 19/19 MP: 2/2
   593 | D:1      | Reached skill level 3 in Axes
   611 | D:1      | 611 ||| Stepping ~*~*~tactically~*~*~ (hiding).
   614 | D:1      | 614 ||| Stepping ~*~*~tactically~*~*~ (hiding).
   619 | D:1      | Reached XP level 3. HP: 23/23 MP: 3/3
  1024 | D:1      | 1024 ||| UPGRADING to +0 pair of gloves.
  1029 | D:1      | 1029 ||| READING scroll labelled VYIP GUOLA.
  1030 | D:1      | 1030 ||| READING scroll labelled ALUARO XOEM.
  1131 | D:1      | 1131 ||| READING 2 scrolls labelled NEXINE GAGRU.
  1132 | D:1      | 1132 ||| READING scroll labelled QEUZXU QABUMI.
  1133 | D:1      | 1133 ||| DROPPING scroll of summoning.
  1193 | D:2      | 1193 ||| Stepping ~*~*~tactically~*~*~ (stealth).
  1256 | D:2      | 1256 ||| FLEEEEING.
  1257 | D:2      | 1257 ||| STAIRDANCE
  1356 | D:2      | Found a basalt altar of Yredelemnul.
  1376 | D:2      | Reached XP level 4. HP: 28/28 MP: 4/4
  1632 | D:2      | Found Xiuraola's Antique Weapon Boutique.
  1639 | D:2      | 1639 ||| SHOPLISTING crystal broad axe (207 gold, have 43).
  1639 | D:2      | 1639 ||| SHOPLISTING runed mace (138 gold, have 43).
  1639 | D:2      | 1639 ||| SHOPLISTING runed whip (126 gold, have 43).
  1685 | D:2      | Reached skill level 4 in Axes
  1720 | D:2      | Found a faded altar of an unknown god.
  1878 | D:2      | 1878 ||| Stepping ~*~*~tactically~*~*~ (hiding).
  1879 | D:2      | 1879 ||| Stepping ~*~*~tactically~*~*~ (hiding).
  2395 | D:2      | 2395 ||| UPGRADING to +0 helmet.
  2400 | D:2      | 2400 ||| UPGRADING to +0 chain mail.
  2410 | D:2      | 2410 ||| DROPPING +0 scale mail.
  2411 | D:2      | 2411 ||| READING scroll labelled MUKOFO JUFIPSO.
  2412 | D:2      | 2412 ||| READING scroll labelled ACYSTRUI RAFIXT.
  2413 | D:2      | 2413 ||| DRINKING 3 dark potions.
  2448 | D:3      | Noticed a phantom
  2463 | D:3      | Killed a phantom
  2464 | D:3      | Reached XP level 5. HP: 11/32 MP: 5/5
  2799 | D:3      | 2799 ||| DROPPING +0 mace.
  2806 | D:3      | Reached skill level 5 in Axes
  3306 | D:3      | 3306 ||| UPGRADING to +1 pair of boots.
  3311 | D:3      | 3311 ||| UPGRADING to ring of resist corrosion.
  3312 | D:3      | 3312 ||| READING scroll labelled BOCWUC ACOUG.
  3317 | D:3      | 3317 ||| READING scroll labelled GERHOI LUJ VOA.
  3318 | D:3      | 3318 ||| READING scroll labelled TYICAU RIUVVAMIJ.
  3319 | D:3      | 3319 ||| READING 2 scrolls of identify.
  3319 | D:3      | 3319 ||| IDENTIFYING sedimented purple potion
  3320 | D:3      | 3320 ||| DROPPING potion of berserk rage.
  3365 | D:4      | 3365 ||| PLANNING SEWER
  3368 | D:4      | 3368 ||| STAIRDANCE
  3489 | D:4      | Found a staircase to the Ecumenical Temple.
  3490 | D:4      | 3490 ||| PLANNING TEMPLE
  3490 | D:4      | 3490 ||| READING 2 scrolls of identify.
  3490 | D:4      | 3490 ||| IDENTIFYING bubbling clear potion
  3490 | D:4      | Noticed an ogre
  3491 | D:4      | 3491 ||| FLEEEEING.
  3492 | D:4      | 3492 ||| FLEEEEING.
  3495 | D:4      | 3495 ||| FLEEEEING.
  3496 | D:4      | 3496 ||| FLEEEEING.
  3498 | D:4      | 3498 ||| FLEEEEING.
  3499 | D:4      | 3499 ||| FLEEEEING.
  3500 | D:4      | 3500 ||| FLEEEEING.
  3501 | D:4      | 3501 ||| FLEEEEING.
  3502 | D:4      | 3502 ||| FLEEEEING.
  3503 | D:4      | 3503 ||| FLEEEEING.
  3504 | D:4      | 3504 ||| FLEEEEING.
  3506 | D:4      | 3506 ||| FLEEEEING.
  3509 | D:4      | 3509 ||| FLEEEEING.
  3510 | D:4      | 3510 ||| FLEEEEING.
  3511 | D:4      | 3511 ||| FLEEEEING.
  3512 | D:4      | 3512 ||| FLEEEEING.
  3513 | D:4      | 3513 ||| FLEEEEING.
  3514 | D:4      | 3514 ||| FLEEEEING.
  3515 | D:4      | 3515 ||| FLEEEEING.
  3516 | D:4      | 3516 ||| FLEEEEING.
  3517 | D:4      | 3517 ||| FLEEEEING.
  3518 | D:4      | 3518 ||| FLEEEEING.
  3519 | D:4      | 3519 ||| STAIRDANCE
  3525 | D:4      | Killed an ogre
  3526 | D:4      | Reached XP level 6. HP: 36/39 MP: 6/6
  3526 | D:4      | 3526 ||| STAIRDANCE
  3585 | Temple   | Entered the Ecumenical Temple
  3911 | Temple   | 3911 ||| PLANNING SEWER
  4190 | Temple   | 4190 ||| RIP SEWER
  4190 | Temple   | 4190 ||| PLANNING D:1-11
  4227 | Temple   | Became a worshipper of Warmaster Okawaru
  4248 | D:4      | 4248 ||| RIP SEWER
  4525 | D:4      | 4525 ||| Stepping ~*~*~tactically~*~*~ (hiding).
  4962 | D:4      | 4962 ||| Stepping ~*~*~tactically~*~*~ (stealth).
  5042 | D:4      | 5042 ||| UPGRADING to +0 cloak.
  5047 | D:4      | 5047 ||| DRINKING 2 bubbling orange potions.
  5048 | D:4      | 5048 ||| DRINKING 2 bubbling inky potions.
  5049 | D:4      | 5049 ||| READING 3 scrolls of identify.
  5049 | D:4      | 5049 ||| IDENTIFYING golden potion
  5050 | D:4      | 5050 ||| READING 2 scrolls of identify.
  5050 | D:4      | 5050 ||| IDENTIFYING puce potion
  5051 | D:4      | 5051 ||| DROPPING potion of brilliance.
  5058 | D:5      | Entered Level 5 of the Dungeon
  5095 | D:5      | Identified the +2 robe of an ice cave {Str+6 SInv}
  5156 | D:5      | Noticed Dowan
  5157 | D:5      | 5157 ||| Stepping ~*~*~tactically~*~*~ (hiding).
  5160 | D:5      | Noticed Duvessa
  5175 | D:5      | Killed Dowan
  5176 | D:5      | Reached skill level 6 in Axes
  5176 | D:5      | Reached XP level 7. HP: 34/44 MP: 7/7
  5182 | D:5      | HP: 1/44 [Duvessa/+0 short sword (11)]
  5183 | D:5      | Slain by Duvessa

Levels and vault maps discovered:
D:1:      dpeg_arrival_arbitrary_c, layout_basic, serial_aquarium,
          aquarium_bridge_square [aquarium_subvault_balcony,
          aquarium_subvault_bridge, aquarium_subvault_wall,
          aquarium_subvault_bridge], aquarium_window_1, aquarium_window_3,
          aquarium_window_2, aquarium_window_1, aquarium_view_2c,
          aquarium_view_2e, aquarium_balcony_3a, minmay_misc_feat_enclosed
D:2:      layout_basic, serial_shops, nicolae_shop_crystal, basic_altar,
          shapermc_ecumenical_altar_ellora, minmay_tall_x
D:3:      layout_loops_ring, kennysheep_generic_room_6
D:4:      layout_loops_cross, minmay_temple_entry_mini_moons,
          portal_sewer_entry_e, minmay_misc_feat_encased, minmay_vboxes
D:5:      layout_rooms, minmay_misc_feat_hallway, uniq_duvessa
Temple:   compressed_dpeg_triangle_lava_temple

Skill      XL: |  1  2  3  4  5  6 |
---------------+-------------------+-----
Axes           | 2 3 4 5 6 |  6.1
Fighting       | 4 |  4.7
Armour         | |  3.2
Shields        | |  3.2

Action                   |  1- 3 |  4- 6 |  7- 9 || total
-------------------------+-------+-------+-------++-------
Melee: War axe           |   122 |   172 |     8 ||   302
  Use: Scroll            |     4 |     9 |       ||    13
       Potion            |       |     3 |       ||     3
Armor: Scale mail        |    76 |    14 |       ||    90
       Chain mail        |       |    94 |     5 ||    99
Dodge: Dodged            |    58 |    56 |     1 ||   115
Block: Buckler           |    27 |    28 |     3 ||    58

Table legend:
 A = Non-vault XP
 B = Vault XP
 C = Vault XP percentage of total XP
 D = Non-vault monster count
 E = Vault monster count
 F = Vault count percentage of total count
                 A         B        C        D         E       F
            +---------+---------+-------+---------+---------+-------
      Total |     573 |     111 |  16.2 |      64 |      19 |  22.9
            +---------+---------+-------+---------+---------+-------
        D:1 |      42 |       0 |   0.0 |      24 |       0 |   0.0
        D:2 |      55 |      18 |  24.7 |      15 |       4 |  21.1
        D:3 |     125 |       3 |   2.3 |      12 |       2 |  14.3
        D:4 |     299 |      18 |   5.7 |      11 |      12 |  52.2
        D:5 |      52 |      72 |  58.1 |       2 |       1 |  33.3
            +---------+---------+-------+---------+---------+-------
